Map: Zenith

Players

A.I. 4 (Very Easy)

  • Race: Zerg Zerg
  • Spawn Location: 6:00

Cheater 3 (Insane) - Winner!

  • Race: Zerg Zerg
  • Spawn Location: 12:00

Cheater 2 (Insane) - Winner!

  • Race: Zerg Zerg
  • Spawn Location: 11:00

Cheater 1 (Insane) - Winner!

  • Race: Zerg Zerg
  • Spawn Location: 9:00

MattBarry - Winner!

  • Race: Zerg Zerg
  • Spawn Location: 9:00

VOD

Have the link to the VOD?

Description

Time

  • Played on: Dec. 26, 2022, 3:52 a.m.
  • Length: 2:59
Show
View Real Time Build Order
Export as new Build Order

A.I. 4 (Very Easy) Zerg 

Build Orders: Hatch First 

Get SALT Encoding   

  12  0:01  Drone  
  13  0:12  Overlord  
  13  0:17  Drone  
  14  0:49  Hatchery, Drone  
  14  1:03  Spawning Pool  
  13  1:05  Drone  
  13  1:09  Extractor  
  13  1:12  Drone  
  14  1:21  Overlord  
  14  1:44  Drone  
  9  1:50  Drone  
  9  1:52  Drone  
  3  1:55  Drone  
  3  2:00  Drone  
  4  2:29  Drone  
Show
View Real Time Build Order
Export as new Build Order

Cheater 3 (Insane) Zerg - Winner!

Build Orders: Pool First 

Get SALT Encoding   

  12  0:18  Spawning Pool, Drone  
  12  0:22  Drone  
  12  0:26  Drone  
  14  0:35  Overlord  
  14  1:05  Zergling x6  
  14  1:06  Queen  
  19  1:19  Hatchery  
  19  1:22  Drone  
  19  1:26  Zergling x2  
  20  1:37  Zergling x2  
  21  1:48  Zergling x2  
  22  1:59  Overlord  
  22  2:17  Zergling x2  
  22  2:18  Zergling x6  
  26  2:26  Zergling x2  
  27  2:31  Overlord  
  27  2:37  Zergling x2  
Show
View Real Time Build Order
Export as new Build Order

Cheater 2 (Insane) Zerg - Winner!

Build Orders: Pool First 

Get SALT Encoding   

  12  0:01  Drone  
  13  0:07  Drone  
  14  0:16  Overlord  
  14  0:31  Spawning Pool  
  14  0:32  Extractor  
  14  0:34  Drone  
  13  0:37  Drone  
  13  0:41  Drone  
  15  1:17  Queen  
  15  1:18  Zergling x6  
  20  1:33  Hatchery  
  20  1:39  Drone  
  20  1:44  Zergling x2  
  21  1:50  Zergling x2  
  22  2:01  Overlord  
  22  2:19  Zergling x2  
  22  2:22  Zergling x2  
  24  2:24  Zergling x6  
  27  2:34  Zergling x2  
  28  2:41  Baneling Nest  
Show
View Real Time Build Order
Export as new Build Order

Cheater 1 (Insane) Zerg - Winner!

Build Orders: Pool First 

Get SALT Encoding   

  12  0:16  Spawning Pool  
  12  0:17  Drone  
  12  0:22  Drone  
  12  0:26  Drone  
  14  0:34  Overlord  
  14  1:03  Zergling x6  
  17  1:05  Queen  
  19  1:17  Hatchery  
  18  1:21  Drone  
  19  1:25  Zergling x2  
  20  1:35  Zergling x2  
  21  1:46  Zergling x2  
  22  1:58  Overlord  
  21  2:16  Zergling x6  
  21  2:17  Zergling x2  
  25  2:24  Zergling x2  
  25  2:29  Zergling x2  
  27  2:34  Overlord  
Show
View Real Time Build Order
Export as new Build Order

MattBarry Zerg - Winner!

Build Orders:  

Get SALT Encoding   

  12  0:46  Evolution Chamber  
Tags
 
Add a new tag
Caveats
  • Supply blocks, unpowered buildings, or Contaminate may cause inaccurate times.
  • Supply counts are checked every 10 seconds.